 Dungeon Crawl Stone Soup version 0.27.1-33-g824d729ab1 (webtiles) character file.

Game seed: 16203597356907876090

163 spaced the Covered (level 5, 0/46 HPs)
             Began as a Minotaur Fighter on Nov 26, 2021.
             Was an Initiate of Qazlal.
             Slain by an orc priest (3 damage)
             ... on level 3 of the Dungeon.
             The game lasted 00:05:52 (2037 turns).

spaced the Covered (Minotaur Fighter)               Turns: 2037, Time: 00:05:53

Health: 0/46       AC:  7    Str: 22    XL:     5   Next: 20%
Magic:  4/4        EV:  7    Int:  5    God:    Qazlal [......]
Gold:   73         SH:  9    Dex:  9    Spells: 4/4 levels left

rFire    . . .     SeeInvis .   a - +0 trident
rCold    . . .     Faith    .   c - +0 kite shield
rNeg     . . .     Spirit   .   b - +0 scale mail
rPois    .         Reflect  .   (helmet restricted)
rElec    .         Harm     .   (no cloak)
rCorr    .         Rampage  .   (no gloves)
Will     .....                  (no boots)
Stlth    ..........             (no amulet)
HPRegen  0.15/turn              (no ring)
MPRegen  0.09/turn              (no ring)

@: no status effects
A: horns 2, retaliatory headbutt
a: Renounce Religion


You were on level 3 of the Dungeon.
You worshipped Qazlal.
Qazlal was noncommittal.
You visited 1 branch of the dungeon, and saw 3 of its levels.

You collected 78 gold pieces.
You donated 5 gold pieces to Zin.

Inventory:

Hand Weapons
 a - a +0 trident (weapon)
Armour
 b - a +0 scale mail (worn)
 c - a +0 kite shield (worn)
Magical Staves
 j - a staff of poison
Scrolls
 d - a scroll of fear {unknown}
 f - 3 scrolls of teleportation {unknown}
 h - a scroll of blinking {unknown}
 i - 2 scrolls of identify {unknown}
 m - a scroll of noise {unknown}
Potions
 e - a potion of mutation {unknown}
 g - a potion of haste {unknown}
 k - a potion of lignification {unknown}
 l - a potion of heal wounds {unknown}


   Skills:
 + Level 4.2 Fighting
 + Level 4.5 Polearms
 + Level 5.0 Armour
 + Level 0.6 Dodging
 + Level 4.1 Shields


You had 4 spell levels left.
You didn't know any spells.
Your spell library contained the following spells:

 Spells                   Type           Power      Damage    Failure   Level
 Sandblast                Erth           0%         2d4       99%         1
 Passwall                 Tmut/Erth      0%         N/A       100%        2
 Lee's Rapid Deconstruct  Erth           0%         3d5*      100%        5


Dungeon Overview and Level Annotations

Branches:
Dungeon (3/15)

Altars:
Qazlal
Zin


Innate Abilities, Weirdness & Mutations

You have a pair of horns on your head.
You reflexively headbutt those who attack you in melee.


Message History

You kill the orc!
Qazlal accepts your kill.
You reach to attack!
You barely miss the orc. The orc hits you with a +0 flail.
You closely miss the orc. You headbutt the orc.
The orc is moderately wounded.
The orc hits you with a +0 flail!
The orc priest mumbles some strange prayers to Beogh against you.
Beogh smites you!
You are too injured to fight recklessly!
You are too injured to fight recklessly!
You are too injured to fight recklessly!
You are too injured to fight recklessly!
You are too injured to fight recklessly!
You hit the orc. You headbutt the orc.
You kill the orc!
Qazlal accepts your kill. You block the orc's attack.
You puncture the orc!
You kill the orc!
Qazlal accepts your kill.
The orc priest hits you but does no damage.
Found a club.
You block the orc priest's attack.
You see here a +0 flail.
You hit the orc priest but do no damage.
The orc priest mumbles some strange prayers to Beogh against you.
Beogh smites you!
* * * LOW HITPOINT WARNING * * *
The orc priest hits you with a +0 trident.
* * * LOW HITPOINT WARNING * * *
You are too injured to fight recklessly!
You are too injured to fight recklessly!
You are too injured to fight recklessly!
You are too injured to fight recklessly!
You are too injured to fight recklessly!
You are too injured to fight recklessly!
You are too injured to fight recklessly!
You hit the orc priest.
The orc priest is moderately wounded.
The orc priest hits you with a +0 trident.
You die...

.........
#.......#
...###### #
#.....#.# .###
#.##.#.#.#.## .#
#............: .#
########.#.#.#..##
.#
.............#..#
.#
.##........###..#
.. ....#####..# .
.## .## #@)# ## .#
#......o.....#
#.#####.#.#).#
#>#...## #<##.##
#.# .# #.# .# ).#


You could see an orc priest.

Vanquished Creatures
  Terence (D:2)
  4 gnolls (D:2)
  3 adders (D:2)
  4 dart slugs
  3 orcs (D:3)
  6 ball pythons
  8 endoplasms
  4 giant cockroaches
  3 goblins
  3 hobgoblins
  2 jackals (D:1)
  7 kobolds
  2 quokkas
  6 bats
  4 frilled lizards
  3 rats
63 creatures vanquished.

Notes
Turn   | Place    | Note
-------+----------+-------------------------------------------
     0 | D:1      | spaced the Minotaur Fighter began the quest for the Orb.
     0 | D:1      | Reached XP level 1. HP: 19/19 MP: 0/0
    71 | D:1      | Reached XP level 2. HP: 27/27 MP: 1/1
   234 | D:1      | Reached skill level 4 in Armour
   509 | D:1      | Reached XP level 3. HP: 30/33 MP: 2/2
   535 | D:1      | Found a faded altar of an unknown god.
   589 | D:1      | Became a worshipper of Zin the Law-Giver
   589 | D:1      | Reached * piety under Zin
   772 | D:2      | Noticed Terence
   786 | D:2      | Killed Terence
   787 | D:2      | Reached XP level 4. HP: 21/40 MP: 3/3
  1459 | D:2      | Reached XP level 5. HP: 43/46 MP: 4/4
  1734 | D:2      | Reached skill level 5 in Armour
  1898 | D:3      | Found a stormy altar of Qazlal.
  1905 | D:3      | Fell from the grace of Zin
  1905 | D:3      | Became a worshipper of Qazlal Stormbringer
  2036 | D:3      | HP: 2/46 [orc priest (4)]
  2037 | D:3      | Slain by an orc priest

Illustrated notes

Levels and vault maps discovered:
D:1:      evilmike_arrival_crescent, layout_rooms,
          hellmonk_ecumenical_altar_arch_garden
D:2:      layout_loops_ring, minmay_cut_off, uniq_terence
D:3:      layout_loops_ring, nicolae_qazlal_eye_of_the_storm

Skill      XL: |  1  2  3  4  5 |
---------------+----------------+-----
Armour         | 4 5 |  5.0
Fighting       | 4 |  4.2
Polearms       | 3 4 |  4.5
Shields        | 4 |  4.1
Dodging        | |  0.6

Action                   |  1- 3 |  4- 6 || total
-------------------------+-------+-------++-------
Melee: Trident           |    87 |    79 ||   166
       Headbutt          |     7 |    13 ||    20
  Use: Potion            |       |     1 ||     1
Armor: Scale mail        |    35 |    19 ||    54
Dodge: Dodged            |    21 |    17 ||    38
Block: Kite shield       |    42 |    30 ||    72
